 Dungeon Crawl Stone Soup version 0.23.2-1-ga50397a6bc (webtiles) character file.

Game seed: 2596277166508094198

12126 Jaijje the Transmogrifier (level 11, -7/79 HPs)
             Began as a Merfolk Transmuter on May 19, 2019.
             Was a Follower of Nemelex Xobeh.
             Mangled by a red ugly thing (22 damage)
             ... on level 11 of the Dungeon.
             The game lasted 00:55:54 (11717 turns).

Jaijje the Transmogrifier (Merfolk Transmuter)     Turns: 11717, Time: 00:55:56

Health: -7/79      AC: 10    Str: 15    XL:     11   Next: 88%
Magic:  17/21      EV: 19    Int: 12    God:    Nemelex Xobeh [*.....]
Gold:   409        SH:  0    Dex: 21    Spells: 14/23 levels left

rFire    . . .     SeeInvis .     - Unarmed
rCold    . . .     Gourm    .   (shield currently unavailable)
rNeg     . . .     Faith    .   j - +1 troll leather armour
rPois    .         Spirit   .   n - +2 helmet
rElec    .         Reflect  .   (no cloak)
rCorr    .         Harm     .   (gloves currently unavailable)
MR       .....     NoTele   +   (no boots)
Stlth    ++........             o - amulet of Muvelec {-Tele Regen+ Str+2 Int-2 Dex+7}
HPRegen  1.03/turn              l - +2 ring of protection
MPRegen  0.17/turn              a - +2 ring of evasion

@: blade hands
A: change form in water, swift swim, stealthy swim
a: End Transformation, Draw Escape, Draw Destruction, Draw Summoning, Renounce
Religion


You were on level 11 of the Dungeon.
You worshipped Nemelex Xobeh.
Nemelex Xobeh was aware of your devotion.
You were not hungry.
You had blades for hands.
You visited 2 branches of the dungeon, and saw 13 of its levels.

You collected 506 gold pieces.
You spent 97 gold pieces at shops.

Inventory:

Hand Weapons
 b - a +1 blowgun
Missiles
 k - 6 javelins (quivered)
 m - an arrow
 q - 4 needles of confusion
 u - 15 poisoned needles
Armour
 h - the +7 shield of Midsummer (melded) {+Inv Str+3 Dex+4}
   (You found it on level 4 of the Dungeon)

   It affects your strength (+3).
   It affects your dexterity (+4).
   It lets you turn invisible.
 j - a +1 troll leather armour (worn)
 n - a +2 helmet (worn)
 t - a +0 robe
Magical Staves
 f - an uncursed staff of cold
Jewellery
 a - a +2 ring of evasion (right scythe-like blade)
 l - a +2 ring of protection (left scythe-like blade)
 o - the amulet of Muvelec (around neck) {-Tele Regen+ Str+2 Int-2 Dex+7}
   (You found it on level 5 of the Dungeon)

   [amulet of regeneration]

   It affects your strength (+2).
   It affects your intelligence (-2).
   It affects your dexterity (+7).
   It prevents most forms of teleportation.
   It increases your rate of regeneration.
 p - an uncursed ring of flight
 G - an uncursed ring of positive energy
Wands
 C - a wand of random effects (17)
 H - a wand of polymorph (2)
 J - a wand of paralysis (8)
Scrolls
 g - 4 scrolls of teleportation
 i - 2 scrolls of magic mapping
 s - a scroll of summoning {unknown}
 x - 4 scrolls of remove curse
 y - a scroll of identify
 B - a scroll of blinking
 D - a scroll of noise
 E - a scroll of amnesia
 F - a scroll of holy word {unknown}
Potions
 c - a potion of haste
 e - 4 potions of flight
 r - a potion of cancellation
 v - a potion of berserk rage
 w - a potion of ambrosia
 z - 2 potions of mutation
 A - a potion of invisibility {unknown}
 I - a potion of magic {unknown}
Comestibles
 d - 21 rations


   Skills:
 - Level 5.1 Fighting
 - Level 7.0 Dodging
 * Level 7.1 Shields
 + Level 10.6 Unarmed Combat
 - Level 6.8 Spellcasting
 - Level 10.6 Transmutations
 - Level 7.6 Invocations


You had 14 spell levels left.
You knew the following spells:

 Your Spells              Type           Power        Failure   Level  Hunger
a - Beastly Appendage     Tmut           ####..       10%         1    None
b - Spider Form           Tmut/Pois      ###.......   38%         3    ###....
c - Blade Hands           Tmut           ####......   38%         5    ######.

Your spell library contained the following spells:

 Spells                   Type           Power        Failure   Level  Hunger
 Sticks to Snakes         Tmut           ####....     11%         2    #......
 Ice Form                 Ice/Tmut       ###.....     65%         4    ####...
 Hydra Form               Tmut           ####......   78%         6    #######
 Irradiate                Conj/Tmut      ###.......   89%         5    ######.
 Dragon Form              Tmut           ####......   99%         7    #######
 Statue Form              Tmut/Erth      ###......    100%        6    #######


Dungeon Overview and Level Annotations

Branches:
Dungeon (12/15)            Temple (1/1) D:7             Orc (0/2) D:9
   Lair: D:8-11

Altars:
Ashenzari
Cheibriados
Dithmenos
Elyvilon
Fedhas
Gozag
Hepliaklqana
Kikubaaqudgha
Makhleb
Nemelex Xobeh
Okawaru
Qazlal
Ru
Sif Muna
Trog
Uskayaw
Vehumet
Wu Jian
Xom
Yredelemnul
Zin
The Shining One

Shops:
D:7 ?   D:9 (

Portals:
Bailey: D:11

Annotations:
D:5 raetorn's ghost, novice VSFi


Message History

The skeletal warrior is lightly damaged.
The skeletal warrior closely misses you.
You slice the skeletal warrior!!
The skeletal warrior is moderately damaged.
The red ugly thing barely misses you.
You hit the skeletal warrior.
The skeletal warrior is heavily damaged.
The red ugly thing kicks you but does no damage.
You hit the skeletal warrior.
The skeletal warrior is heavily damaged.
The skeletal warrior closely misses you.
The red ugly thing barely misses you.
You hit the skeletal warrior.
The skeletal warrior is heavily damaged.
The skeletal warrior hits you from afar with a +0 glaive!
The red ugly thing kicks you!
* * * LOW HITPOINT WARNING * * *
You are engulfed in flames!!
You die...
Your body glows slightly and disappears.

#######'#####
#...........#
#...........#
#...........#
#######.#####
#.## #az#
#u.# #z@#
#..# ####


You could see a red ugly thing, 2 skeletal warriors and a worker ant.

Vanquished Creatures
  Erolcha (D:9)
  A two-headed ogre (D:9)
  A wizard (D:11)
  3 ugly things
  A gargoyle (D:12)
  3 trolls (D:9)
  Prince Ribbit (D:7)
  17 yaks
  3 hogs (D:9)
  A human (D:9)
  A hungry ghost (D:10)
  A water moccasin (D:8)
  3 ice beasts
  5 orc warriors
  2 black bears (D:7)
  2 sky beasts
  A phantom (D:6)
  3 centaurs
  5 ogres
  A crocodile (D:9)
  3 big kobolds
  A bullfrog (D:11)
  A gnoll sergeant (D:9)
  A wyvern skeleton (D:6)
  A scorpion (D:7)
  6 killer bees (D:7)
  3 howler monkeys (D:7)
  3 crimson imps
  A centaur zombie (D:12)
  A centaur skeleton (D:6)
  A jelly (D:5)
  A bullfrog zombie (D:8)
  A bullfrog skeleton (D:9)
  5 orc priests
  7 hounds
  A gnoll shaman (D:7)
  4 iguanas
  6 worker ants
  7 orc wizards
  A hound skeleton (D:4)
  A howler monkey zombie (D:5)
  A worker ant zombie (D:7)
  6 gnolls
  17 adders
  A shadow imp (D:5)
  2 adder skeletons
  2 worms
  A dart slug (D:3)
  2 leopard geckos
  22 orcs
  8 giant cockroaches
  5 goblins
  6 hobgoblins
  11 jackals
  3 quokkas
  2 ball pythons
  6 bats
  10 frilled lizards
  17 kobolds
  3 rats
237 creatures vanquished.

Vanquished Creatures (collateral kills)
  A two-headed ogre (D:8)
  An orc wizard (D:8)
2 creatures vanquished.

Vanquished Creatures (others)
  An orc warrior (D:9)
  A big kobold (D:9)
  6 orcs (D:9)
8 creatures vanquished.

Grand Total: 247 creatures vanquished

Notes
Turn   | Place    | Note
-------+----------+-------------------------------------------
     0 | D:1      | Jaijje the Merfolk Transmuter began the quest for the Orb.
     0 | D:1      | Reached XP level 1. HP: 15/15 MP: 3/3
   193 | D:1      | Reached XP level 2. HP: 4/21 MP: 5/5
   500 | D:1      | HP: 1/21 [leopard gecko (1)]
  1726 | D:2      | Reached XP level 3. HP: 26/27 MP: 4/6
  1767 | D:2      | Found an opulent altar of Gozag.
  2482 | D:2      | Reached XP level 4. HP: 34/34 MP: 7/7
  3970 | D:3      | Reached XP level 5. HP: 40/41 MP: 6/8
  3977 | D:3      | Found a bloodstained altar of Trog.
  5262 | D:4      | Learned a level 3 spell: Spider Form
  5372 | D:4      | Reached XP level 6. HP: 20/49 MP: 7/9
  6050 | D:4      | Got a slimy shield
  6064 | D:4      | Identified the +7 shield of Midsummer {+Inv Str+3 Dex+4}
                  | (You found it on level 4 of the Dungeon)
  6614 | D:5      | Entered Level 5 of the Dungeon
  6665 | D:5      | Reached skill level 1 in Shields
  6692 | D:5      | Found a runed translucent door.
  6697 | D:5      | Noticed raetorn's ghost (novice VSFi)
  7093 | D:5      | Found a bloodstained altar of Trog.
  7136 | D:5      | Reached skill level 5 in Transmutations
  7366 | D:5      | Got a fine jade amulet
  7435 | D:5      | Reached skill level 5 in Fighting
  7454 | D:5      | Identified the amulet of Muvelec {-Tele Regen+ Str+2 Int-2
                  | Dex+7} (You found it on level 5 of the Dungeon)
  7484 | D:5      | Reached XP level 7. HP: 30/56 MP: 10/10
  7611 | D:5      | Reached skill level 5 in Unarmed Combat
  8158 | D:6      | Reached XP level 8. HP: 62/62 MP: 9/12
  8237 | D:6      | Found a glowing silver altar of Zin.
  8239 | D:6      | Noticed an angel
  8249 | D:6      | Found a shimmering altar of Xom.
  8264 | D:6      | Noticed a two-headed ogre
  8530 | D:7      | Found a staircase to the Ecumenical Temple.
  8726 | D:7      | Noticed Prince Ribbit
  8752 | D:7      | Killed Prince Ribbit
  8752 | D:7      | Reached XP level 9. HP: 68/68 MP: 12/15
  8836 | D:7      | Found Yllijide's Magic Scroll Shop.
  8862 | D:7      | Bought a scroll of blinking for 97 gold pieces
  9154 | Temple   | Entered the Ecumenical Temple
  9502 | Temple   | Became a worshipper of Nemelex Xobeh the Trickster
  9580 | D:7      | Reached skill level 10 in Transmutations
  9688 | D:8      | Received a gift from Nemelex Xobeh
  9722 | D:8      | Reached skill level 5 in Spellcasting
  9809 | D:8      | Noticed a two-headed ogre
  9824 | D:8      | Killed a two-headed ogre
  9958 | D:9      | Noticed a two-headed ogre
  9979 | D:9      | Killed a two-headed ogre
  9979 | D:9      | Reached XP level 10. HP: 28/74 MP: 15/18
 10030 | D:9      | Noticed Erolcha
 10083 | D:9      | Learned a level 5 spell: Blade Hands
 10125 | D:9      | Reached skill level 5 in Dodging
 10183 | D:9      | Reached skill level 5 in Invocations
 10237 | D:9      | Found a staircase to the Orcish Mines.
 10477 | D:9      | Reached XP level 11. HP: 79/79 MP: 14/21
 10576 | D:9      | Found Joemp's Antique Weapon Shop.
 10632 | D:9      | Received a gift from Nemelex Xobeh
 10720 | D:9      | Killed Erolcha
 11003 | D:10     | Entered Level 10 of the Dungeon
 11015 | D:10     | Reached * piety under Nemelex Xobeh
 11032 | D:10     | Reached skill level 5 in Shields
 11032 | D:10     | Reached skill level 10 in Unarmed Combat
 11040 | D:11     | HP: 2/79 [yak (9)]
 11051 | D:11     | Noticed a wizard
 11181 | D:12     | Noticed a purple ugly thing
 11195 | D:12     | Killed a purple ugly thing
 11322 | D:12     | Noticed a cyan ugly thing
 11330 | D:12     | Killed a cyan ugly thing
 11373 | D:12     | Found a stormy altar of Qazlal.
 11558 | D:11     | Killed a wizard
 11634 | D:11     | Noticed a cyan ugly thing
 11644 | D:11     | Killed a cyan ugly thing
 11655 | D:11     | Found a flagged portal.
 11659 | D:11     | Noticed a red ugly thing
 11660 | D:11     | Noticed a skeletal warrior
 11660 | D:11     | Noticed a skeletal warrior
 11666 | D:11     | Noticed a skeletal warrior
 11717 | D:11     | Mangled by a red ugly thing

Skill      XL: |  1  2  3  4  5  6  7  8  9 10 11 |
---------------+----------------------------------+-----
Transmutations | 3 4 5 7 9 10 | 10.6
Fighting       | 2 3 4 5 |  5.1
Unarmed Combat | 4 5 6 8 9 10 | 10.6
Shields        | 1 2 7 |  7.1
Spellcasting   | 3 4 5 6 |  6.8
Dodging        | 4 6 7 |  7.0
Invocations    | 4 7 |  7.6

Action                   |  1- 3 |  4- 6 |  7- 9 | 10-12 || total
-------------------------+-------+-------+-------+-------++-------
Melee: Unarmed           |   153 |   290 |   270 |   292 ||  1005
       Headbutt          |    14 |    37 |    37 |     4 ||    92
       Staff             |       |    13 |       |       ||    13
       Punch             |       |     1 |     6 |    15 ||    22
 Fire: Blowgun           |       |     4 |       |       ||     4
Throw: Javelin           |       |       |     2 |       ||     2
 Cast: Beastly Appendage |    23 |    36 |    20 |     3 ||    82
       Spider Form       |       |       |    12 |     3 ||    15
       Blade Hands       |       |       |       |    20 ||    20
 Abil: Draw Summoning    |       |       |     1 |       ||     1
       Draw Destruction  |       |       |       |     1 ||     1
       Draw Escape       |       |       |       |     1 ||     1
  Use: Potion            |     1 |     6 |       |     2 ||     9
       Scroll            |       |    11 |     2 |     7 ||    20
 Stab: Sleeping          |     1 |       |     2 |     1 ||     4
       Distracted        |       |     1 |       |       ||     1
  Eat: Chunk             |     6 |     9 |     7 |    10 ||    32
       Ration            |       |     2 |     1 |     1 ||     4
Armor: Robe              |    30 |    54 |    23 |       ||   107
       Skin              |     2 |       |     7 |     1 ||    10
       Troll leather arm |       |       |       |    22 ||    22
Dodge: Dodged            |   112 |   151 |   260 |   161 ||   684
Block: Shield            |       |    72 |     5 |    61 ||   138
